Map: Undercurrent LE

Players

Pulpinator - Winner!

  • Race: Protoss Protoss
  • Spawn Location: 7:00

Tyler - Winner!

  • Race: Protoss Protoss
  • Spawn Location: 7:00

kush

  • Race: Zerg Zerg
  • Spawn Location: 3:00

MoppMashine

  • Race: Zerg Zerg
  • League: Master
  • Spawn Location: 1:00

VOD

Have the link to the VOD?

Description

Time

  • Played on: Oct. 7, 2025, 5:22 a.m.
  • Length: 17:06
Show
View Real Time Build Order
Export as new Build Order

Pulpinator Protoss - Winner!

Build Orders:  

Get SALT Encoding   

  12  0:00  Probe  
  13  0:12  Probe  
  14  0:18  Pylon  
  14  0:24  Probe  
  15  0:37  Gateway  
  15  0:40  Probe  
  16  0:45  Assimilator  
  16  0:52  Probe  
  17  1:04  Probe  
  18  1:13  Probe  
  19  1:24  Pylon  
  20  1:28  Cybernetics Core  
  19  1:36  Zealot  
  21  2:03  Zealot  
  21  2:08  Twilight Council, Warp Gate  
  23  2:12  Gateway x2  
  23  2:14  Charge  
  23  2:16  Gateway  
  23  2:21  Probe  
  24  2:31  Zealot  
  26  2:56  Pylon  
  28  3:05  Zealot x2  
  30  3:14  Zealot x2  
  34  3:21  Pylon  
  34  3:38  Pylon  
  34  3:58  Zealot x4  
  42  4:19  Zealot  
  42  4:20  Zealot x3  
  34  4:44  Zealot x3  
  38  4:46  Zealot  
  32  5:10  Zealot  
  32  5:11  Zealot x2  
  32  5:12  Zealot  
  28  5:29  Forge  
  28  5:31  Zealot x2  
  28  5:32  Zealot  
  34  5:35  Zealot  
  34  6:02  Protoss Ground Weapons Level 1  
  32  6:04  Zealot  
  32  6:05  Zealot x3  
  32  6:26  Zealot x2  
  32  6:28  Zealot  
  28  6:43  Zealot  
  28  6:47  Zealot  
  28  6:51  Zealot  
  28  6:53  Zealot  
  34  7:08  Zealot  
  34  7:09  Zealot  
  32  7:27  Zealot x2  
  28  7:49  Nexus  
  28  7:54  Probe  
  29  8:04  Photon Cannon  
  29  8:15  Pylon  
  29  8:18  Probe  
  30  8:30  Probe  
  30  8:34  Pylon  
  31  8:37  Protoss Shields Level 1  
  31  8:42  Probe  
  26  8:50  Probe  
  25  8:58  Probe  
  25  9:01  Probe  
  27  9:13  Probe  
  28  9:18  Dark Shrine  
  28  9:23  Probe  
  29  9:30  Photon Cannon  
  29  9:37  Photon Cannon  
  29  9:39  Probe  
  30  10:13  Probe  
  30  10:14  Probe  
  32  10:17  Nexus  
  32  10:19  Pylon  
  31  10:33  Assimilator  
  31  10:34  Assimilator  
  31  10:36  Assimilator  
  31  10:39  Photon Cannon  
  31  10:41  Photon Cannon  
  31  10:43  Photon Cannon, Pylon  
  31  10:49  Dark Templar x2  
  35  10:53  Archon  
  35  10:56  Protoss Ground Weapons Level 2  
  35  11:11  Templar Archives  
  35  11:14  Probe  
  35  11:15  Probe  
  37  11:20  Dark Templar  
  37  11:22  Shadow Stride  
  39  11:26  Dark Templar  
  39  11:27  Probe x2  
  43  11:34  Archon  
  43  11:40  Dark Templar  
  45  11:48  Dark Templar  
  47  12:00  Blink  
  47  12:05  Dark Templar  
  47  12:06  Dark Templar  
  51  12:15  Probe x3  
  54  12:27  Probe x2  
  54  12:28  High Templar x2  
  60  12:32  Archon  
  60  12:36  Gateway  
  58  12:39  Gateway  
  58  12:41  Probe  
  58  12:42  Probe  
  58  12:43  Probe  
  57  12:49  Protoss Shields Level 2  
  57  12:56  High Templar x2  
  61  13:00  Archon  
  59  13:11  Gateway x2  
  59  13:15  Probe  
  59  13:16  Probe x2  
  62  13:21  High Templar x2  
  62  13:40  Probe  
  62  13:41  Probe x2  
  57  13:43  Assimilator  
  57  13:44  Assimilator, Archon  
  53  13:48  Dark Templar x2  
  53  13:49  Dark Templar x2  
  53  13:53  Archon x2  
  61  13:57  Probe x3  
  64  14:13  Nexus  
  64  14:16  Pylon  
  64  14:19  Pylon  
  64  14:30  Dark Templar x3  
  64  14:31  Dark Templar x2  
  72  14:38  Archon x2  
  74  14:42  Dark Templar  
  76  14:46  Archon  
  76  14:51  Gateway  
  76  14:54  Gateway  
  76  15:05  High Templar x2  
  76  15:06  High Templar x2  
  84  15:07  High Templar  
  84  15:14  High Templar  
  88  15:20  Archon x3  
  88  15:30  Probe x3  
  88  15:34  Photon Cannon  
  88  15:35  Photon Cannon  
  91  15:42  Photon Cannon x2  
  91  15:51  Probe  
  91  15:52  Probe x3  
  91  15:54  High Templar x3  
  91  15:55  High Templar  
  103  15:59  Archon x2  
  103  16:06  High Templar x2  
  103  16:07  High Templar x2  
  111  16:11  Archon x2  
  111  16:18  Probe x3  
  113  16:19  Probe  
  113  16:20  Pylon  
Show
View Real Time Build Order
Export as new Build Order

Tyler Protoss - Winner!

Build Orders: Double Forge 

Get SALT Encoding   

  12  0:00  Probe  
  13  0:12  Probe  
  14  0:23  Pylon  
  14  0:25  Probe  
  15  0:37  Probe  
  16  0:45  Probe  
  16  0:47  Gateway  
  17  0:55  Probe  
  17  1:00  Assimilator  
  18  1:06  Probe  
  19  1:14  Probe  
  19  1:19  Pylon  
  19  1:22  Probe  
  20  1:26  Assimilator  
  21  1:33  Probe  
  21  1:37  Cybernetics Core  
  22  1:45  Probe  
  23  1:51  Zealot  
  25  1:58  Probe  
  26  2:10  Probe  
  26  2:14  Warp Gate  
  27  2:22  Robotics Facility, Probe  
  28  2:34  Probe  
  28  2:35  Nexus  
  29  2:46  Probe  
  31  2:58  Probe  
  31  3:11  Pylon  
  31  3:15  Pylon  
  31  3:20  Pylon  
  31  3:29  Observer, Zealot, Probe  
  35  3:39  Forge  
  35  3:41  Forge, Probe  
  36  3:50  Gateway  
  36  3:53  Probe  
  36  3:54  Protoss Ground Weapons Level 1  
  37  3:56  Protoss Ground Armor Level 1  
  37  4:06  Probe  
  37  4:07  Immortal  
  42  4:17  Pylon  
  42  4:18  Probe  
  42  4:19  Pylon  
  43  4:35  Zealot  
  45  4:43  Photon Cannon x2  
  45  4:45  Photon Cannon  
  45  4:49  Photon Cannon  
  45  4:53  Immortal  
  49  5:01  Stalker  
  49  5:04  Probe x2  
  53  5:09  Assimilator  
  53  5:12  Probe  
  53  5:13  Assimilator  
  53  5:16  Probe  
  53  5:20  Stalker  
  57  5:29  Probe  
  58  5:42  Probe x2  
  60  5:54  Probe x2  
  61  6:00  Zealot x2  
  65  6:06  Probe x2  
  65  6:07  Protoss Shields Level 1  
  67  6:18  Probe  
  67  6:19  Probe  
  69  6:27  Pylon  
  69  6:29  Pylon  
  69  6:30  Probe  
  69  6:31  Probe  
  71  6:33  Nexus  
  71  6:38  Immortal  
  75  6:40  Stalker x2  
  79  6:59  Twilight Council  
  79  7:01  Probe x2  
  81  7:07  Assimilator  
  81  7:12  Assimilator  
  81  7:13  Probe x2  
  83  7:16  Observer, Photon Cannon  
  83  7:19  Photon Cannon  
  83  7:21  Photon Cannon  
  84  7:24  Shield Battery  
  84  7:25  Probe x2  
  84  7:28  Stalker  
  88  7:36  Stalker, Protoss Ground Weapons Level 2  
  90  7:37  Probe x2  
  90  7:43  Photon Cannon, Charge  
  92  7:46  Photon Cannon  
  92  7:48  Probe  
  92  7:49  Probe x2  
  95  8:01  Probe x2  
  87  8:29  Protoss Ground Armor Level 2  
  87  8:47  Stalker x2  
  91  8:53  Immortal  
  95  9:00  Gateway  
  95  9:02  Gateway  
  95  9:04  Gateway  
  95  9:05  Gateway  
  95  9:19  Robotics Facility  
  95  9:20  Stalker x2  
  95  9:22  Robotics Facility  
  99  9:24  Robotics Facility  
  99  9:34  Photon Cannon  
  99  9:35  Photon Cannon  
  99  9:37  Photon Cannon  
  99  9:38  Pylon  
  99  9:41  Pylon  
  99  9:42  Pylon  
  99  9:44  Photon Cannon  
  99  9:46  Shield Battery  
  99  9:49  Photon Cannon  
  99  9:50  Photon Cannon  
  99  10:02  Protoss Ground Weapons Level 3  
  99  10:16  Shield Battery  
  99  10:18  Photon Cannon x2  
  99  10:20  Photon Cannon  
  99  10:21  Photon Cannon, Zealot x3  
  99  10:22  Zealot x3  
  99  10:23  Photon Cannon  
  111  10:34  Pylon  
  111  10:36  Pylon  
  111  10:37  Pylon  
  111  10:38  Pylon  
  111  10:41  Pylon  
  111  10:57  Protoss Ground Armor Level 3  
  111  11:01  Robotics Bay  
  111  11:18  Nexus  
  111  11:21  Assimilator  
  111  11:23  Immortal  
  111  11:24  Assimilator  
  115  11:28  Immortal, Pylon  
  115  11:29  Pylon  
  115  11:30  Pylon  
  115  11:31  Pylon  
  119  12:07  Nexus  
  119  12:09  Stalker x4  
  119  12:10  Stalker x2  
  119  12:14  Blink  
  131  12:29  Colossus x2  
  143  12:43  Protoss Shields Level 2  
  143  13:10  Stalker  
  143  13:11  Stalker x5  
  119  13:46  Stalker  
  119  13:47  Stalker x5  
  103  14:10  Stalker  
  103  14:11  Stalker x4  
  103  14:12  Stalker  
  115  14:19  Colossus x2  
  115  14:20  Immortal  
  131  14:36  Nexus  
  131  14:57  Stalker  
  131  14:58  Stalker x4  
  131  14:59  Immortal  
  145  15:16  Stalker  
  147  15:28  Immortal, Colossus  
  147  15:29  Immortal  
  161  15:38  Colossus  
  167  16:07  Observer  
  168  16:11  Nexus  
  168  16:15  Assimilator  
  168  16:19  Assimilator  
  168  16:28  Nexus  
  168  16:31  Stalker x6, Assimilator  
  180  16:34  Assimilator  
Show
View Real Time Build Order
Export as new Build Order

kush Zerg 

Build Orders: Hatch First 

Get SALT Encoding   

  12  0:00  Drone  
  13  0:14  Drone  
  13  0:16  Overlord  
  14  0:35  Drone x2  
  16  0:36  Drone  
  17  0:55  Drone  
  18  1:01  Hatchery  
  17  1:10  Spawning Pool  
  16  1:13  Extractor  
  16  1:15  Drone  
  16  1:21  Drone  
  17  1:26  Overlord  
  17  1:30  Drone  
  18  1:57  Zergling x4  
  20  2:01  Queen  
  20  2:06  Roach Warren  
  20  2:08  Zergling x2, Extractor  
  21  2:16  Metabolic Boost  
  21  2:22  Zergling x2  
  22  2:23  Zergling x2  
  22  2:27  Drone  
  22  2:28  Drone  
  25  2:40  Drone x2  
  27  2:59  Zergling x4  
  27  3:00  Drone x2  
  31  3:10  Roach x2  
  34  3:21  Lair  
  34  3:25  Drone  
  35  3:34  Overlord  
  35  3:41  Overlord  
  35  3:55  Roach x3  
  39  3:56  Drone  
  39  3:59  Drone  
  42  4:02  Drone  
  39  4:19  Roach x3  
  39  4:23  Roach  
  44  4:29  Roach  
  44  4:30  Roach  
  46  4:32  Drone  
  46  4:37  Roach  
  45  4:44  Glial Reconstitution  
  43  4:46  Drone  
  43  4:47  Drone  
  43  4:52  Spore Crawler  
  44  4:56  Spore Crawler  
  43  5:06  Roach x2  
  47  5:07  Drone  
  42  5:21  Spire  
  42  5:23  Overseer  
  42  5:25  Roach  
  42  5:26  Roach  
  42  5:27  Drone  
  46  5:36  Queen  
  48  5:52  Drone, Roach  
  48  5:53  Overlord  
  49  5:58  Roach x2  
  38  6:12  Zergling x2, Roach  
  38  6:13  Zergling x4, Roach  
  38  6:17  Roach  
  42  6:19  Roach  
  41  6:30  Roach x3  
  47  6:36  Mutalisk  
  47  6:38  Queen  
  47  6:39  Queen  
  49  6:47  Spine Crawler x2  
  49  6:48  Drone  
  49  6:50  Spine Crawler  
  49  6:53  Roach x2  
  51  6:56  Drone  
  51  7:17  Roach x4  
  51  7:18  Roach  
  51  7:22  Mutalisk x2  
  56  7:29  Overlord x2  
  60  7:51  Mutalisk  
  60  7:53  Zergling x2  
  63  8:19  Mutalisk x2  
  49  8:20  Mutalisk x3  
  39  8:39  Mutalisk x6  
  51  8:54  Infestation Pit  
  50  9:06  Overlord  
  50  9:30  Mutalisk  
  50  9:31  Mutalisk x3  
  58  10:07  Mutalisk x3  
  64  10:38  Mutalisk x4  
  64  10:39  Mutalisk  
  74  10:45  Hive  
  74  10:52  Mutalisk  
  74  10:56  Zerg Flyer Weapons Level 1  
  76  11:02  Spire, Drone  
  76  11:06  Overlord x2  
  69  12:03  Mutalisk x2  
  69  12:04  Mutalisk x6  
  69  12:05  Mutalisk  
  87  12:12  Extractor  
  87  12:14  Extractor  
  85  12:23  Mutalisk x2  
  85  12:25  Zergling x6  
  82  13:03  Spine Crawler  
  76  13:33  Greater Spire, Corruptor  
  76  13:34  Corruptor  
  67  13:56  Corruptor  
  67  13:57  Corruptor  
  71  14:18  Hatchery  
  70  14:41  Corruptor x3  
  76  14:50  Brood Lord  
  78  15:10  Overlord x2  
  78  15:22  Overlord  
  78  15:32  Brood Lord x6  
Show
View Real Time Build Order
Export as new Build Order

MoppMashine Zerg 

Build Orders: Hatch First 

Get SALT Encoding   

  12  0:03  Drone  
  13  0:13  Overlord  
  13  0:17  Drone  
  14  0:33  Drone x2  
  16  0:45  Drone  
  17  0:58  Hatchery  
  16  1:07  Spawning Pool  
  16  1:09  Drone  
  16  1:15  Drone  
  16  1:18  Drone, Extractor  
  16  1:23  Drone  
  18  1:34  Drone  
  19  1:42  Drone  
  20  1:53  Drone  
  20  2:18  Queen  
  20  2:20  Queen  
  24  2:24  Extractor  
  24  2:28  Zergling x2  
  24  2:29  Zergling x8  
  28  2:49  Overlord x2  
  28  2:54  Metabolic Boost  
  28  3:17  Zergling x2  
  28  3:18  Zergling x10  
  34  3:32  Drone  
  34  3:33  Drone  
  36  3:43  Lair  
  36  3:51  Drone x2  
  36  3:52  Drone  
  36  3:54  Hatchery  
  38  4:07  Drone x4  
  36  4:33  Zergling x10  
  41  4:39  Extractor  
  41  4:42  Extractor  
  34  4:53  Spine Crawler  
  29  5:00  Zergling x2  
  29  5:01  Zergling x8  
  29  5:04  Queen  
  33  5:11  Spire  
  32  5:15  Drone x2  
  34  5:28  Drone x3  
  37  5:47  Drone x2  
  37  5:48  Drone x4  
  38  7:06  Spine Crawler  
  38  7:07  Spine Crawler  
  36  7:08  Spine Crawler  
  36  7:12  Spore Crawler  
  36  7:13  Spine Crawler x2  
  32  7:17  Spine Crawler  
  32  7:18  Spore Crawler  
  30  7:37  Mutalisk x3  
  30  7:38  Mutalisk  
  30  7:40  Mutalisk  
  40  7:51  Mutalisk  
  40  7:52  Mutalisk  
  44  8:19  Mutalisk x2  
  48  9:01  Drone  
  49  9:03  Overlord x4  
  49  9:22  Overlord  
  49  9:24  Overlord  
  49  9:30  Mutalisk  
  51  9:32  Mutalisk  
  53  9:43  Drone x5  
  58  9:48  Drone  
  58  9:49  Drone x2  
  58  9:50  Drone x2  
  63  10:00  Drone  
  63  10:02  Drone  
  65  10:07  Mutalisk  
  67  10:34  Mutalisk x2  
  67  10:35  Mutalisk x3  
  77  10:37  Mutalisk  
  77  10:38  Mutalisk  
  81  11:06  Overlord  
  81  12:03  Mutalisk x4  
  89  12:16  Extractor  
  89  12:18  Extractor  
  87  12:23  Mutalisk  
  89  13:34  Corruptor x3  
  61  13:56  Corruptor x2  
  61  13:57  Corruptor x4  
  73  14:18  Drone  
  74  15:01  Overseer  
  74  15:02  Overseer  
  74  15:17  Overlord  
  74  15:18  Overlord x2  
  74  15:43  Mutalisk  
  74  15:44  Mutalisk x6  
Tags
 
Add a new tag
Caveats
  • Supply blocks, unpowered buildings, or Contaminate may cause inaccurate times.
  • Supply counts are checked every 10 seconds.